 Dungeon Crawl Stone Soup version 0.20-a0-433-g9e36e56 (webtiles) character file.

1013 AlphabetPasta the Poker (level 8, -4/61 HPs)
             Began as a Formicid Wanderer on Jan 3, 2017.
             Was a Believer of Dithmenos.
             Killed from afar by Dowan (5 damage)
             ... with a stone arrow
             ... on level 5 of the Dungeon.
             The game lasted 00:29:08 (7430 turns).

AlphabetPasta the Poker (Formicid Wanderer)         Turns: 7430, Time: 00:29:08

Health: -4/61      AC: 10    Str: 17    XL:     8   Next: 45%
Magic:  11/11      EV:  8    Int: 14    God:    Dithmenos [**....]
Gold:   270        SH:  3    Dex: 10    Spells: 11/11 levels left

rFire  + . .     SeeInvis +     b - +1 spear
rCold  . . .     Gourm    .     s - +0 chain mail
rNeg   . . .     Faith    .     (no shield)
rPois  .         Spirit   .     (helmet unavailable)
rElec  .         Reflect  +     (no cloak)
rCorr  .         Harm     .     t - +0 pair of gloves
MR     .....                    (no boots)
Stlth  ..........               k - +3 amulet of reflection
                                u - ring of stealth
                                i - ring of protection from fire

@: wreathed by umbra
A: permanent stasis, dig shafts and tunnels, four strong arms, antennae 3
a: Dig, Shaft Self, Shadow Step, Renounce Religion


You were on level 5 of the Dungeon.
You worshipped Dithmenos.
Dithmenos was pleased with you.
You were not hungry.

You visited 1 branch of the dungeon, and saw 6 of its levels.

You collected 270 gold pieces.

Inventory:

Hand Weapons
 b - a +1 spear (weapon)
 d - a +0 dagger
Missiles
 j - 6 curare-tipped needles
 l - 45 bolts
 n - 5 steel tomahawks (quivered)
Armour
 c - a +1 robe
 e - a +0 ring mail
 g - a +0 plate armour
 s - a +0 chain mail (worn)
 t - a +0 pair of gloves (worn)
Jewellery
 f - an uncursed amulet of regeneration {unknown}
 i - a ring of protection from fire (left hand)
 k - a +3 amulet of reflection (around neck)
 u - a ring of stealth (right hand)
 B - an uncursed amulet of rage {unknown}
Wands
 p - a wand of confusion (1/48)
 r - a wand of polymorph (10/24)
 v - a wand of acid (3/15)
 w - a wand of disintegration (2/24)
 x - a wand of confusion (34/48)
 y - a wand of digging (8/24)
Scrolls
 m - a scroll of fog {unknown}
 q - 8 scrolls of remove curse
Potions
 h - a potion of curing
 o - 2 potions of flight {unknown}
 A - 2 potions of heal wounds {unknown}
Books
 a - a book of Minor Magic

   Spells                             Type                      Level
   a - Magic Dart                     Conjuration                  1
   b - Blink                          Translocation                2
   c - Call Imp                       Summoning                    2
   d - Repel Missiles                 Charms/Air                   2
   e - Slow                           Hexes                        2
   f - Conjure Flame                  Conjuration/Fire             3
   g - Mephitic Cloud                 Conjuration/Poison/Air       3
 z - a book of Geomancy

   Spells                             Type                      Level
   a - Sandblast                      Earth                        1
   b - Passwall                       Transmutation/Earth          2
   c - Stone Arrow                    Conjuration/Earth            3
   d - Petrify                        Transmutation/Earth          4
   e - Lee's Rapid Deconstruction     Earth                        5
Comestibles
 C - 5 chunks of flesh
 D - a bread ration


   Skills:
 + Level 4.5 Fighting
 * Level 5.8 Polearms
 + Level 3.8 Armour
 + Level 3.3 Dodging
 - Level 3.7 Stealth
 - Level 2.1 Spellcasting
   Level 1.0 Necromancy
   Level 3.0 Fire Magic
 - Level 0.5 Invocations


You had 11 spell levels left.
You didn't know any spells.

Dungeon Overview and Level Annotations

Branches:
Dungeon (6/15)
 Temple: D:4-7

Altars:
Dithmenos
Hepliaklqana
Kikubaaqudgha
Nemelex Xobeh
Vehumet
The Shining One

Annotations:
D:5 AlphabetPasta's ghost, novice HuGl; Dowan


Innate Abilities, Weirdness & Mutations

You cannot be hasted, slowed, berserked, paralysed or teleported.
You can dig through walls and to a lower floor.
Your four strong arms can wield two-handed weapons with a shield.
You have a pair of large antennae on your head. (SInv)


Message History

Aim: Dowan, wielding a dagger of flaming and wearing a robe (almost dead, fast, umbra)
The bolt of acid misses Dowan.
Evoking this partially-identified wand wasted a few charges.
You block Dowan's attack. Dowan barely misses you.
Evoke which item? (* to show all) (? for menu, Esc to quit)
Aiming: Corrosive Bolt (will waste charges)
Press: ? - help, Shift-Dir - straight line, f/p - Dowan
Aim: Dowan, wielding a dagger of flaming and wearing a robe (almost dead, fast, umbra)
The bolt of acid misses Dowan.
Evoking this partially-identified wand wasted a few charges.
Dowan hits you but does no damage.
Evoke which item? (* to show all) (? for menu, Esc to quit)
Aiming: Corrosive Bolt (will waste charges)
Press: ? - help, Shift-Dir - straight line, f/p - Dowan
Aim: Dowan, wielding a dagger of flaming and wearing a robe (almost dead, fast, umbra)
The bolt of acid misses Dowan.
Evoking this partially-identified wand wasted a few charges.
Dowan casts a spell.
Dowan gestures at you while chanting. The stone arrow hits you!
You die...

#.# #.###### #.##.#
#..# # #.# #.# #.##.#
#.[# # ###.# #.#
#.##.# #!.# # ....#
#.# #.# #..### .####
#.# .##.####..... .#
#.# ........... .#
#.###### #####..### .#
#......####.### #..#
.# #...@e.....# #..#
.# #.#.##.###.# #..###
.# #.#.## # #..... .#
#..%.# #.#### .#
#.)#.# . #.# .#
#....###..# #.# .#
#....%..).# #.# .#
########...###.#
#.####
.######.........)....#
#.....


You could see Dowan.

Vanquished Creatures
  Duvessa (D:5)
  A centaur (D:5)
  2 ogres (D:4)
  A phantom (D:5)
  A big kobold (D:5)
  A bullfrog (D:6)
  A scorpion (D:5)
  A crimson imp (D:6)
  A hound (D:4)
  An orc wizard (D:5)
  An iguana (D:4)
  A worker ant (D:4)
  A hound zombie (D:6)
  Robin (D:1)
  11 adders
  A gnoll (D:1)
  An ooze (D:1)
  An adder zombie (D:5)
  2 adder skeletons
  6 worms
  A dart slug (D:1)
  3 leopard geckos
  11 orcs
  2 ball pythons
  5 bats
  6 giant cockroaches
  15 goblins
  8 hobgoblins
  8 jackals
  7 kobolds
  A quokka (D:2)
  7 frilled lizards
  A giant cockroach zombie (D:5)
  A quokka zombie (D:5)
  3 rats
116 creatures vanquished.

Vanquished Creatures (others)
  A hound (D:6)
1 creature vanquished.

Grand Total: 117 creatures vanquished

Notes
Turn   | Place    | Note
-------+----------+-------------------------------------------
     0 | D:1      | AlphabetPasta the Formicid Wanderer began the quest for the Orb.
     0 | D:1      | AlphabetPasta set off with: a book of Minor Magic, a +0 spear, a +0 robe, a +0 dagger, a bread ration
     0 | D:1      | Reached XP level 1. HP: 16/16 MP: 2/2
   146 | D:1      | Reached XP level 2. HP: 1/23 MP: 3/3
   610 | D:1      | Reached skill level 1 in Polearms
   615 | D:1      | Found a sparkling altar of Nemelex Xobeh.
  1134 | D:1      | Reached XP level 3. HP: 25/28 MP: 5/5
  1296 | D:1      | Reached skill level 1 in Armour
  1736 | D:2      | Reached skill level 1 in Dodging
  1736 | D:2      | Reached XP level 4. HP: 14/34 MP: 6/6
  2132 | D:2      | Reached skill level 2 in Polearms
  2541 | D:2      | Noticed Robin
  2617 | D:1      | Killed Robin
  2617 | D:1      | Reached XP level 5. HP: 5/39 MP: 8/8
  3026 | D:2      | Found a faded altar of an unknown god.
  3034 | D:2      | Became a worshipper of Dithmenos the Shadowed
  3034 | D:2      | Reached * piety under Dithmenos
  4112 | D:3      | Reached skill level 3 in Polearms
  4379 | D:4      | Reached XP level 6. HP: 40/47 MP: 9/9
  4543 | D:4      | Reached ** piety under Dithmenos
  4567 | D:4      | Noticed an ogre
  4577 | D:4      | Killed an ogre
  4601 | D:4      | Found a sparkling altar of Nemelex Xobeh.
  4618 | D:4      | Reached skill level 4 in Polearms
  4762 | D:4      | Noticed an ogre
  4780 | D:4      | Killed an ogre
  4780 | D:4      | Reached XP level 7. HP: 43/52 MP: 10/10
  5187 | D:5      | Entered Level 5 of the Dungeon
  5454 | D:5      | Noticed AlphabetPasta's ghost (novice HuGl)
  5585 | D:3      | You fall through a shaft for 3 floors!
  5876 | D:6      | Found a hazy altar of Hepliaklqana.
  5995 | D:6      | Found a glowing golden altar of the Shining One.
  6024 | D:6      | Found an ancient bone altar of Kikubaaqudgha.
  6208 | D:5      | Noticed Duvessa
  6209 | D:5      | Noticed Dowan
  6242 | D:5      | Killed Duvessa
  6242 | D:5      | Reached skill level 5 in Polearms
  6242 | D:5      | Reached XP level 8. HP: 16/60 MP: 11/11
  6262 | D:5      | You fall through a shaft!
  6270 | D:6      | Found a radiant altar of Vehumet.
  7426 | D:5      | HP: 1/61 [Dowan/shard of ice (22)]
  7430 | D:5      | Killed from afar by Dowan

Vault maps used:
D:1:      saegor_arrival_simple_d, nemelex_xobeh_ov_fountains_minmay
D:2:      chequers_ecumenical_altar_simple_redux, uniq_robin
D:3:      hangedman_glass_teeth
D:4:      lemuel_round_altar, first_bread, nrook_loot_triangle
D:5:      uniq_duvessa
D:6:      lemuel_coloured_pillars_altar, xom_confusion_cloud,
          gammafunk_temple_overflow_forgotten

Skill      XL: |  1  2  3  4  5  6  7  8 |
---------------+-------------------------+-----
Polearms       | 1 2 3 4 5 |  5.8
Armour         | 1 2 3 |  3.8
Dodging        | 1 2 3 |  3.3
Spellcasting   | 2 |  2.1
Fighting       | 3 4 |  4.5
Stealth        | |  3.7
Necromancy     | |  1.0
Fire Magic     | |  3.0
Invocations    | |  0.5

Action                   |  1- 3 |  4- 6 |  7- 9 || total
-------------------------+-------+-------+-------++-------
Melee: Spear             |   120 |   297 |   361 ||   778
 Abil: Shaft Self        |       |       |     2 ||     2
Evoke: Wand              |       |     2 |     5 ||     7
  Use: Scroll            |       |    10 |     2 ||    12
       Potion            |       |     2 |     1 ||     3
 Stab: Sleeping          |     5 |     8 |       ||    13
       Confused          |       |     2 |       ||     2
  Eat: Chunk             |     2 |     9 |     2 ||    13
       Pizza             |       |     1 |       ||     1
       Bread ration      |       |       |     2 ||     2
Armor: Robe              |    11 |     5 |       ||    16
       Ring mail         |       |    34 |       ||    34
       Chain mail        |       |       |   120 ||   120
Dodge: Dodged            |    50 |   109 |    92 ||   251
Block: Other             |       |    13 |    26 ||    39
